 Dungeon Crawl Stone Soup version 0.29.1-15-g9cfb28693d (webtiles) character file.

Game seed: 2884297564469384389

3 DemonSlayer the Vexing (level 1, -4/12 HPs)
             Began as a Tengu Arcane Marksman on Mar 4, 2023.
             Slain by a hobgoblin (5 damage)
             ... on level 1 of the Dungeon.
             The game lasted 00:00:19 (68 turns).

DemonSlayer the Vexing (Tengu Arcane Marksman)        Turns: 68, Time: 00:00:19

Health: -4/12      AC:  2    Str: 10    XL:     1   Next: 50%
Magic:  3/3        EV:  9    Int: 13    God:
Gold:   0          SH:  0    Dex: 14    Spells: 1/2 levels left

rFire   . . .      SeeInvis .   a - +1 sling
rCold   . . .      Faith    .   (no shield)
rNeg    . . .      Spirit   .   c - +0 robe
rPois   .          Reflect  .   (helmet restricted)
rElec   .          Harm     .   (no cloak)
rCorr   .          Rampage  .   (no gloves)
Will    .....                   (boots unavailable)
Stlth   +.........              (no amulet)
HPRegen 0.04/turn               (no ring)
MPRegen 0.08/turn               (no ring)

@: constricted
A: beak, talons 3
a: no special abilities


You were on level 1 of the Dungeon.
You visited 1 branch of the dungeon, and saw 1 of its levels.

Inventory:

Hand Weapons
 a - a +1 sling (weapon)
Armour
 c - a +0 robe (worn)
Scrolls
 b - a scroll of poison


   Skills:
 + Level 1.2 Fighting
 + Level 2.1 Ranged Weapons
 + Level 2.1 Dodging
 + Level 1.0 Spellcasting
 + Level 2.3 Hexes


You had one spell level left.
You knew the following spells:

 Your Spells              Type           Power      Damage    Failure   Level
a - Slow                  Hex            24%        N/A       11%         1

Your spell library contained the following spells:

 Spells                   Type           Power      Damage    Failure   Level
 Inner Flame              Hex/Fire       3%         N/A       47%         3
 Portal Projectile        Hex/Tloc       6%         N/A       47%         3
 Cause Fear               Hex            3%         N/A       73%         4


Dungeon Overview and Level Annotations

Branches:
Dungeon (1/15)

Altars:


Innate Abilities, Weirdness & Mutations

You have a beak for a mouth.
You have claws for feet.


Message History

The goblin closely misses you. The rat closely misses you.
The goblin barely misses you.
You clumsily bash the goblin but do no damage.
The rat bites you but does no damage. The goblin closely misses you.
You clumsily bash the goblin but do no damage.
You claw the goblin.
You kill the goblin!
The rat barely misses you. The rat bites you but does no damage.
You see here a +0 dagger.
The rat attacks as you move away! The rat closely misses you.
You open the door.
The rat bites you. 2 hobgoblins come into view.
Found a stone staircase leading down.
The hobgoblin shouts! x2; You hear an angry hiss.
A ball python comes into view.
There is an open door here.
Found an escape hatch in the floor.
An endoplasm comes into view.
The ball python hisses angrily.
Found a metallic dark potion.
The ball python bites you but does no damage.
The ball python barely misses you. The rat closely misses you.
The hobgoblin misses you.
You closely miss the ball python.
The endoplasm quivers.
Your kick misses the ball python. The ball python closely misses you.
The ball python grabs you. The ball python constricts you.
The rat closely misses you. The hobgoblin hits you.
* * * LOW HITPOINT WARNING * * *
The ball python bites you.
* * * LOW HITPOINT WARNING * * *
The ball python constricts you.
* * * LOW HITPOINT WARNING * * *
Unknown command.
Unknown command.
You clumsily bash the ball python but do no damage.
You peck the ball python.
The ball python is heavily wounded.
The rat closely misses you. The hobgoblin hits you.
You die...

............#
............
...........# ....#......
### .........####.##
..#....J...##...## #
.....#.Sg.##.....## ##
.......@.##.......##+##.
..#...#.r'.....)...'.'..
..!.. #g.##.......##+##.
...##....>##.....## ##
.. ###..####...## # .
.>.. ##.## ##..## ###
#... ....


You could see an endoplasm, 2 hobgoblins, a ball python and a rat.

Vanquished Creatures
  A goblin (D:1)
  3 rats (D:1)
4 creatures vanquished.

Notes
Turn   | Place    | Note
-------+----------+-------------------------------------------
     0 | D:1      | DemonSlayer the Tengu Arcane Marksman began the quest for
                  | the Orb.
     0 | D:1      | Reached XP level 1. HP: 12/12 MP: 3/3
    68 | D:1      | Slain by a hobgoblin

Illustrated notes

Levels and vault maps discovered:
D:1:      elethiomel_arrival_diamonds, layout_rooms,
          ebering_ecumenical_altar_mist

Action                   || total
-------------------------++-------
Melee: Sling             ||     8
       Kick              ||     2
       Peck              ||     1
 Fire: Sling             ||     5
 Cast: Slow              ||     2
Armor: Robe              ||     6
Dodge: Dodged            ||    21
